Map: Through the Darkness

Players

Tesla - Winner!

  • Race: Protoss Protoss

koko

  • Race: Terran Terran

VOD

Have the link to the VOD?

Description

Time

  • Played on: Oct. 8, 2016, 9:28 p.m.
  • Length: 8:08
Show
View Real Time Build Order
Export as new Build Order

Tesla Protoss - Winner!

Build Orders:  

Get SALT Encoding   

  12  0:01  Probe (Chrono Boost)  
  13  0:11  Probe (Chrono Boost)  
  14  0:18  Pylon  
  14  0:22  Probe (Chrono Boost)  
  15  0:36  Probe (Chrono Boost)  
  15  0:40  Gateway  
  16  0:43  Assimilator  
  16  0:47  Probe (Chrono Boost)  
  17  0:57  Probe (Chrono Boost)  
  17  1:01  Pylon  
  18  1:08  Probe (Chrono Boost)  
  20  1:18  Probe (Chrono Boost)  
  20  1:27  Cybernetics Core  
  20  1:29  Probe (Chrono Boost)  
  21  1:39  Probe (Chrono Boost)  
  22  1:50  Probe (Chrono Boost)  
  22  1:53  Nexus  
  23  1:58  Assimilator  
  24  2:05  Mothership Core (Chrono Boost)  
  25  2:09  Adept  
  27  2:22  Warp Gate  
  27  2:23  Probe (Chrono Boost)  
  28  2:34  Probe (Chrono Boost)  
  28  2:36  Stalker  
  31  2:44  Gateway  
  31  2:47  Pylon  
  31  3:05  Probe (Chrono Boost)  
  32  3:08  Probe (Chrono Boost)  
  33  3:15  Probe (Chrono Boost)  
  33  3:16  Robotics Facility  
  33  3:19  Probe (Chrono Boost)  
  35  3:26  Probe (Chrono Boost)  
  36  3:30  Stalker  
  36  3:31  Probe (Chrono Boost)  
  36  3:33  Pylon  
  39  3:36  Probe (Chrono Boost)  
  39  3:40  Adept  
  42  3:43  Probe (Chrono Boost)  
  42  3:48  Twilight Council  
  42  3:51  Probe (Chrono Boost)  
  42  3:55  Assimilator  
  43  3:58  Probe (Chrono Boost)  
  43  4:00  Adept  
  47  4:03  Observer, Probe (Chrono Boost)  
  47  4:09  Stalker  
  50  4:13  Probe (Chrono Boost)  
  51  4:18  Gateway  
  51  4:21  Observer  
  51  4:22  Pylon  
  53  4:26  Probe (Chrono Boost)  
  53  4:27  Probe (Chrono Boost)  
  53  4:28  Sentry  
  56  4:36  Stalker  
  56  4:37  Resonating Glaives  
  56  4:39  Pylon  
  56  4:41  Assimilator  
  56  4:43  Probe (Chrono Boost)  
  56  4:44  Probe (Chrono Boost)  
  60  4:55  Probe (Chrono Boost)  
  60  4:57  Warp Prism  
  63  5:04  Probe (Chrono Boost)  
  64  5:12  Gateway  
  64  5:16  Gateway, Probe (Chrono Boost)  
  64  5:17  Pylon  
  65  5:22  Stalker  
  65  5:25  Stalker  
  65  5:27  Adept  
  65  5:28  Probe (Chrono Boost)  
  72  5:35  Immortal  
  76  5:40  Probe (Chrono Boost)  
  77  5:44  Forge  
  77  5:48  Pylon  
  77  5:49  Stalker  
  79  5:51  Adept  
  79  5:53  Sentry  
  83  6:12  Nexus, Pylon  
  83  6:16  Pylon  
  83  6:17  Probe (Chrono Boost)  
  83  6:18  Probe (Chrono Boost)  
  85  6:20  Stalker  
  85  6:30  Stalker x2  
  85  6:39  Stalker  
  85  6:42  Adept x2  
  87  6:57  Pylon  
  87  6:58  Probe x2 (Chrono Boost)  
  87  6:59  Pylon  
  87  7:00  Pylon  
  89  7:08  Immortal  
  89  7:23  Adept  
  89  7:24  Adept x3  
  94  7:43  Adept  
  94  7:44  Adept x4  
Show
View Real Time Build Order
Export as new Build Order

koko Terran 

Build Orders:  

Get SALT Encoding   

  12  0:12  SCV  
  13  0:19  Supply Depot  
  13  0:25  SCV  
  14  0:31  Refinery  
  14  0:37  SCV  
  15  0:45  Barracks  
  15  0:49  SCV  
  16  1:03  SCV  
  17  1:13  Supply Depot  
  17  1:16  SCV  
  18  1:18  Refinery  
  18  1:26  Engineering Bay  
  18  1:28  SCV  
  19  1:42  Orbital Command  
  19  1:46  Reaper  
  20  1:57  Barracks  
  20  2:11  SCV  
  20  2:12  Factory  
  21  2:23  SCV  
  21  2:29  Barracks Tech Lab  
  22  2:34  Terran Infantry Weapons Level 1  
  22  2:36  SCV  
  23  2:48  SCV  
  24  3:02  Factory Tech Lab  
  24  3:04  Marauder  
  24  3:05  Marine  
  27  3:07  Stimpack  
  27  3:23  Marine  
  27  3:25  Marauder  
  30  3:40  Command Center  
  30  3:41  Marine  
  31  3:49  Marine, Siege Tank  
  35  3:58  Marine  
  36  4:03  SCV  
  36  4:05  Starport  
  36  4:07  Marauder  
  39  4:20  Bunker  
  39  4:29  Supply Depot  
  39  4:33  Marine x2  
  41  4:51  Marine  
  43  4:53  Orbital Command  
  43  4:59  Terran Infantry Armor Level 1  
  43  5:01  Medivac  
  43  5:05  Barracks Reactor  
  44  5:10  Missile Turret  
  44  5:16  Concussive Shells  
  44  5:17  Marine  
  45  5:22  Missile Turret  
  45  5:29  Missile Turret  
  45  5:35  Marine  
  46  5:41  Starport Reactor  
  46  5:57  Marine x3  
  49  6:07  Barracks  
  49  6:08  Barracks  
  49  6:11  SCV x2  
  51  6:15  Marauder  
  51  6:18  Medivac  
  45  6:41  Marine  
  45  6:42  Marine x2  
  36  6:59  Marine x2  
  36  7:00  Medivac x2, Marauder  
  44  7:10  Refinery x2  
  43  7:17  Marine x2  
  43  7:21  Marine  
  33  7:35  Marine x2  
Tags
 
Add a new tag
Caveats
  • Supply blocks, unpowered buildings, or Contaminate may cause inaccurate times.
  • Supply counts are checked every 10 seconds.